[Event "Frauenbundesliga 2021-22"]
[Site "Germany"]
[Date "2022.05.26"]
[Round "3.9"]
[White "Zatonskih, Anna"]
[Black "Frey, Alisa"]
[Result "1-0"]
[ECO "A16"]
[WhiteElo "2386"]
[BlackElo "1998"]
[Annotator "TA"]
[PlyCount "93"]
[EventDate "2021.11.26"]
[EventType "team-tourn"]
[EventCountry "GER"]
[SourceTitle "playchess.com"]
[Source "ChessBase"]
[SourceQuality "1"]
[WhiteTeam "Baden-Baden"]
[BlackTeam "Hemer"]
[TimeControl "40/5400+30:1800+30"]

1. Nf3 Nf6 2. c4 g6 3. Nc3 d5 4. cxd5 Nxd5 5. e4 Nxc3 6. dxc3 Qxd1+ 7. Kxd1 Bg7 8. Bf4 c6 9. Kc2 Nd7 10. a4 {[%emt 0:05:54] A16: English Opening: 1...Nf6 with ...d5.} a5 11. Nd2 {[%emt 0:12:46][%cal Bf3d2,Bd2c4,Bc4a3,Ba3b5][%mdl 32] [#]} Be5 $146 ({Predecessor:} 11... Ne5 12. Nc4 Nxc4 13. Bxc4 e5 14. Be3 Bf6 15. Rhd1 Bd8 16. Bh6 Bc7 17. Rd2 Rg8 {1-0 (42) Spiridonov,N (2359)-Janakiev,I (2232) Sofia 2009}) 12. Bh6 {[%emt 0:05:19] White is slightly better.} Nc5 13. Be3 Ne6 14. g3 Bc7 15. Nc4 c5 16. Na3 Bd7 17. Nb5 Bb8 (17... b6 $14) 18. Bc4 $16 b6 $2 {[%emt 0:11:19] [#] This costs Black the game.} (18... Bc6 $16) 19. Bd5 $1 $18 Ra6 20. Bb7 Bxb5 21. axb5 Ra7 22. Bc6+ Kd8 23. f4 {[%emt 0:09:05][%cal Ob2b4] Black must now prevent b4!} Kc8 24. Rhf1 Nd8 25. Bd5 {[%emt 0:01:57][%cal Bc6d5,Bd5c4,Bc4d3][%mdl 32] 0x0.0021dd0debcfdp-1022s more active pieces.} e6 26. Bc4 h5 27. e5 Kd7 28. Bd3 Ke7 $2 (28... Nb7 29. Be4 Bc7 30. Rfd1+ Kc8) 29. b4 Nb7 30. Be4 Rc8 31. Bxb7 Rxb7 32. bxa5 bxa5 33. Rfb1 ({Weaker is} 33. Rxa5 Bc7 34. Bxc5+ Ke8 $16) 33... Ba7 34. Rxa5 Bb6 35. Ra6 Kd7 36. Rd1+ Ke8 37. h3 Rd8 38. Rh1 Kd7 39. g4 hxg4 (39... Kc7 40. gxh5 gxh5) 40. hxg4 {[%emt 0:00:02] White is clearly winning.} Kc7 {[%emt 0:00:49] [#]} 41. Bxc5 Bxc5 42. Rc6+ Kd7 (42... Kb8 $142) 43. Rd1+ Ke7 44. Rxd8 Kxd8 45. Rxc5 Ra7 46. Kb3 Ra1 47. Kb4 {[%emt 0:00:00] Weighted Error Value: White=0.07 (flawless) /Black=0.29 (precise)} 1-0

[Event "Frauenbundesliga 2021-22"]
[Site "Germany"]
[Date "2022.05.26"]
[Round "3.10"]
[White "Moeller, Lisa-Marie"]
[Black "Salimova, Nurgyul"]
[Result "0-1"]
[ECO "B14"]
[WhiteElo "1927"]
[BlackElo "2418"]
[Annotator "TA"]
[PlyCount "84"]
[EventDate "2021.11.26"]
[EventType "team-tourn"]
[EventCountry "GER"]
[SourceTitle "playchess.com"]
[Source "ChessBase"]
[SourceQuality "1"]
[WhiteTeam "Hemer"]
[BlackTeam "Baden-Baden"]
[TimeControl "40/5400+30:1800+30"]

1. e4 c6 2. d4 d5 3. exd5 cxd5 4. c4 Nf6 5. Nc3 g6 6. Qb3 Bg7 7. cxd5 O-O 8. Nf3 Nbd7 9. Bf4 {[%emt 0:07:16] B14: Caro-Kann: Panov-Botvinnik Attack with 5...e6 and 5...g6.} Nb6 {[%emt 0:02:14][%cal Rf6d5] [#]} 10. Bd3 $146 ({Predecessor:} 10. Bc4 Nxc4 11. Qxc4 a6 12. Qb3 b5 13. a4 Bb7 14. axb5 axb5 15. O-O Nxd5 16. Be5 Nxc3 17. Qxc3 {0-1 (58) Zhao,J (2619)-Rustemov,A (2525) Chess.com INT 2022}) 10... Nfxd5 11. Nxd5 {[%emt 0:03:29] Black is slightly better.} Nxd5 12. Bd2 Nb6 13. Be3 Be6 14. Qd1 Nc4 15. Qe2 Qa5+ 16. Bd2 Nxd2 {[%emt 0:00:10] 0x0.001a28240bd4dp-1022s more active pieces. The white rooks are badly placed.} 17. Qxd2 Qxd2+ 18. Kxd2 Rfd8 19. Ke3 Rac8 20. Rhe1 Bd5 {[%emt 0:02:35] This bishop pair is nice.} 21. Rad1 a6 22. b3 e6 23. Ne5 (23. g3 $17 {is a better defense.}) 23... Bxg2 $19 24. f3 (24. Rg1 $142 Bd5 25. Rc1) 24... Bxe5 25. dxe5 Rc3 26. Re2 $2 {[%emt 0:01:40] [#]} (26. Rg1 Bxf3 27. Kxf3 Rcxd3+ 28. Rxd3 Rxd3+ 29. Kf4) 26... Rcxd3+ $1 27. Rxd3 Rxd3+ 28. Kxd3 {[%emt 0:00:08][%mdl 4096] Endgame KR-KB} Bf1 29. Ke3 Bxe2 30. Kxe2 {[%emt 0:00:03] KP-KP} g5 31. Ke3 f5 32. exf6 Kf7 33. Ke4 Kxf6 34. h3 e5 35. b4 Ke6 36. a4 b5 37. axb5 axb5 {[%emt 0:00:06] Black mates.} 38. Ke3 Kd5 39. Kd3 h6 40. Kc3 e4 41. fxe4+ Kxe4 42. Kc2 h5 {[%emt 0:00:06] White did not feel at home in the position after the opening.  Weighted Error Value: White=1.05/Black=0.08 (flawless)} 0-1

[Event "Frauenbundesliga 2021-22"]
[Site "Germany"]
[Date "2022.05.26"]
[Round "3.11"]
[White "Heinemann, Josefine"]
[Black "Naumenko, Valerija"]
[Result "1-0"]
[ECO "C54"]
[WhiteElo "2300"]
[BlackElo "1750"]
[Annotator "TA"]
[PlyCount "53"]
[EventDate "2021.11.26"]
[EventType "team-tourn"]
[EventCountry "GER"]
[SourceTitle "playchess.com"]
[Source "ChessBase"]
[SourceQuality "1"]
[WhiteTeam "Baden-Baden"]
[BlackTeam "Hemer"]
[TimeControl "40/5400+30:1800+30"]

1. e4 e5 2. Nf3 Nc6 3. Bc4 Bc5 4. c3 Nf6 5. d3 h6 6. O-O d6 7. Re1 O-O 8. h3 a6 {[%emt 0:00:48] C54: Giuoco Piano: 4 c3 Nf6, main lines with 5 d4 and 5 d3.} 9. a4 Ba7 10. Nbd2 Re8 {[%emt 0:09:19] The position is equal.} 11. b4 $1 {[%emt 0:02:21] The main line 11.b4 scores better than 11.Nf1.} Ne7 12. Qb3 Rf8 13. d4 Ng6 14. a5 c6 {[%emt 0:12:20] [#]} 15. Bf1 $146 ({Predecessor:} 15. dxe5 dxe5 16. Nf1 Nh5 17. Be3 Nhf4 18. Bxa7 Rxa7 19. Rad1 Qf6 20. N1h2 Ra8 21. Kh1 Be6 22. h4 Rad8 23. Bxe6 Nxe6 24. g3 {½-½ (24) Sekowski,P (2323)-Gnilka,T (2325) ICCF email 2017}) 15... Be6 16. Qc2 Nh5 17. Bb2 Nhf4 18. c4 exd4 19. Nxd4 Bxd4 20. Bxd4 Qg5 {[%emt 0:01:04][%cal Of4g2] [#] And now ...Nxg2! would win.} 21. Kh2 Nh4 (21... Rfd8 $16 {might work better.}) 22. Ra3 $18 {[%emt 0:04:03] Hoping for Rg3.} Nfxg2 (22... Nhxg2 $142 23. Rg3 Nxe1) 23. Rd1 {[%emt 0:05:37] aiming for Rg3.} Qf4+ 24. Rg3 g5 25. Bxg2 {[%emt 0:00:32] White is clearly winning.} f6 (25... Kh7 $142 26. Kg1 Nxg2 27. Kxg2 Rg8) 26. Be3 Qe5 27. f4 {[%emt 0:00:08] Weighted Error Value: White=0.06 (flawless) /Black=0.38} 1-0

[Event "Frauenbundesliga 2021-22"]
[Site "Germany"]
[Date "2022.05.26"]
[Round "3.12"]
[White "Dartmann Aubanell, Catriona"]
[Black "Tammert, Iamze"]
[Result "0-1"]
[ECO "B22"]
[WhiteElo "1874"]
[BlackElo "2302"]
[Annotator "TA"]
[PlyCount "28"]
[EventDate "2021.11.26"]
[EventType "team-tourn"]
[EventCountry "GER"]
[SourceTitle "playchess.com"]
[Source "ChessBase"]
[SourceQuality "1"]
[WhiteTeam "Hemer"]
[BlackTeam "Baden-Baden"]
[TimeControl "40/5400+30:1800+30"]

1. e4 c5 2. Nf3 Nf6 3. e5 Nd5 4. c3 e6 5. d4 cxd4 6. cxd4 Nc6 7. Bc4 d6 {[%emt 0:09:56] The main line 7...d6 scores better than 7...Nb6.} 8. O-O Be7 9. Bd2 {[%emt 0:05:35] B22: Sicilian: 2 c3.} O-O 10. Qe2 Qb6 11. Nc3 Nxd4 12. Nxd4 Qxd4 {[%emt 0:00:01] [#]} 13. Nxd5 $146 (13. exd6 $11 {is superior.} Bxd6 14. Rad1 (14. Nb5 Qe5 $15)) ({Predecessor:} 13. exd6 Bxd6 14. Nb5 Qe5 15. Nxd6 Qxd6 16. Rad1 Bd7 17. Bxd5 exd5 18. Bc3 Rfe8 19. Qh5 {0-1 (45) Krayz,A (2350)-Mchedlishvili,M (2570) Chess.com INT 2020}) 13... exd5 $15 14. Bd3 {[%emt 0:02:45] [#]} (14. exd6 $15 Bxd6 15. Bb3) 14... Bg4 $1 {[%emt 0:00:39] White did not feel at home in the position after the opening.  Weighted Error Value: White=0.62/Black=0.00 (flawless)} ({Worse is} 14... dxe5 15. Bc3 Bg4 16. Qxe5 Qxe5 17. Bxe5 $17) ({Weaker is} 14... Qxe5 15. Qf3 $17) 0-1

[Event "Frauenbundesliga 2021-22"]
[Site "Germany"]
[Date "2022.05.26"]
[Round "3.13"]
[White "Klek, Hanna Marie"]
[Black "Sieber, Fiona"]
[Result "1-0"]
[ECO "B90"]
[WhiteElo "2362"]
[BlackElo "2264"]
[Annotator "TA"]
[PlyCount "81"]
[EventDate "2021.11.26"]
[EventType "team-tourn"]
[EventCountry "GER"]
[SourceTitle "playchess.com"]
[Source "ChessBase"]
[SourceQuality "1"]
[WhiteTeam "Deizisau"]
[BlackTeam "Lehrte"]
[TimeControl "40/5400+30:1800+30"]

1. e4 c5 2. Nf3 d6 3. d4 cxd4 4. Nxd4 Nf6 5. Nc3 a6 6. Nb3 g6 {[%emt 0:04:07] B90: Sicilian Najdorf: Unusual White 6th moves, 6 Be3 Ng4 and 6 Be3 e5.} 7. Bg5 Bg7 {[%emt 0:01:29] [#]} 8. Qe2 $146 ({Predecessor:} 8. Qd2 h6 9. Bf4 b5 10. f3 Nbd7 11. O-O-O Bb7 12. a3 Rc8 13. g4 h5 14. g5 {1-0 (49) Pridorozhni,A (2555)-Kalashian,D (2398) Chess.com INT 2021}) 8... Nbd7 {[%emt 0:09:19] The position is equal.} 9. O-O-O b5 10. h4 h6 11. Bf4 (11. Bxf6 $11 Bxf6 12. Nd5) 11... Nh5 (11... Bb7 $15) 12. Bd2 $1 $11 Ne5 $36 {[%emt 0:00:19][%mdl 2048] Hoping for ...Bg4. White is under pressure.} 13. Nd5 {[%emt 0:06:51] Strongly threatening Ba5.} Nc4 {[%emt 0:15:11] Against Ba5} 14. Bc3 Bxc3 15. Nxc3 Bb7 16. Qe1 Rc8 17. g3 Nf6 18. Bh3 (18. f3 $11) 18... e6 $17 19. f3 $1 Nd7 20. Kb1 b4 21. Ne2 a5 ({Don't play} 21... Qf6 22. Ned4 $11) 22. Ned4 Ndb6 (22... Qb6 $1 $17) 23. Bf1 $11 Qf6 (23... h5 $1 $11) 24. f4 $2 (24. h5 $16) 24... O-O $1 $17 25. Rh2 (25. h5 $17 g5 26. Rg1) 25... e5 $19 26. fxe5 dxe5 27. Rf2 Qe7 28. Nf3 a4 29. Nbd2 {[%emt 0:00:47][%cal Bb3d2,Bd2f3,Bf3h4][%mdl 32] [#]} Na5 ({Better is} 29... Nxb2 $1 30. Kxb2 Qc5) 30. Qe3 $17 Qc7 31. Bd3 {[%emt 0:00:28] [#]} Kg7 {[%emt 0:00:30][%mdl 8192] [#]} (31... Ba6 $1 $17 {[%cal Ra6d3][%mdl 512] And now ...Bxd3 would win.} 32. Nf1 (32. Nc4 Naxc4) 32... Bxd3 33. cxd3 Kg7) 32. Nxe5 $16 Qxe5 33. Qxb6 Rb8 (33... a3 $16 {was necessary.} 34. Qxb4 axb2) 34. Nf3 $18 {[%emt 0:00:39] The board is on fire.} ({Not} 34. Qxb4 Bxe4 35. Qa3 Bxd3 36. cxd3 Nc6 $14) 34... Qxg3 (34... Bc8) 35. Rg1 Qh3 36. Qxa5 {[%emt 0:00:28] aiming for h5.} a3 37. Qe5+ {[%emt 0:00:32] White mates.} Kh7 38. h5 Qd7 39. Nh4 Rbe8 40. Qf6 Rg8 {[%emt 0:00:51] [#]} 41. Qxf7+ {[%emt 0:30:23] Weighted Error Value: White=0.28 (precise) /Black=0.54} (41. Rxg6 $142 $1 fxg6 42. hxg6+ Rxg6 43. Qxg6+ Kh8 44. Rg2 axb2 45. Qxh6+ Qh7 46. Qf6+ Qg7 47. Qxg7#) 1-0

[Event "Frauenbundesliga 2021-22"]
[Site "Germany"]
[Date "2022.05.26"]
[Round "3.14"]
[White "Newrkla, Katharina"]
[Black "Gaponenko, Inna"]
[Result "1-0"]
[ECO "B33"]
[WhiteElo "2232"]
[BlackElo "2332"]
[Annotator "TA"]
[PlyCount "110"]
[EventDate "2021.11.26"]
[EventType "team-tourn"]
[EventCountry "GER"]
[SourceTitle "playchess.com"]
[Source "ChessBase"]
[SourceQuality "1"]
[WhiteTeam "Lehrte"]
[BlackTeam "Deizisau"]
[TimeControl "40/5400+30:1800+30"]

1. e4 c5 2. Nf3 Nc6 3. d4 cxd4 4. Nxd4 Nf6 5. Nc3 e5 6. Ndb5 d6 7. Nd5 Nxd5 8. exd5 Ne7 9. c4 Nf5 10. Bd3 Be7 11. O-O O-O 12. a4 a6 13. Nc3 a5 {[%emt 0:01:16] B33: Sicilian: Pelikan and Sveshnikov Variations.} 14. Nb5 Bd7 15. Bd2 {[%emt 0:12:42] [#]} Bf6 $146 {[%emt 0:11:05] White is slightly better.} ({Predecessor:} 15... Qb6 16. Re1 Rfc8 17. Bc3 g6 18. Qf3 Bg5 19. b3 Re8 20. Re4 h5 21. c5 dxc5 22. Bxe5 Bxb5 23. Bxb5 {½-½ (31) Rihtaric,I (1930)-Garus,E (2096) ICCF email 2008}) 16. Ra3 Re8 17. Re1 g6 18. b4 axb4 19. Bxb4 Bxb5 20. cxb5 Nd4 21. a5 b6 (21... e4 $11 22. Rxe4 Rxe4 23. Bxe4 Nxb5) 22. a6 $16 Qd7 23. Bc3 Rec8 (23... Nxb5 $2 24. Qa4 Rxa6 25. Qxa6 $18) 24. Bxd4 exd4 25. Qf3 Kg7 26. g3 {[%emt 0:02:06] White is more active.} h5 27. h4 Rc3 28. Rxc3 dxc3 29. Qe3 Qc7 30. Qe4 Rc8 31. Re2 Qb8 (31... Be5 $142) 32. f4 {[%emt 0:10:52][%cal Og3g4,Bf2f4,Bf4f5][%mdl 32] And now g4! would win.} Qc7 33. Kg2 Qc5 (33... Qd8 $142 34. Bc2 Kf8) 34. f5 $18 Rc7 $2 ({Not} 34... g5 35. hxg5 Bxg5 36. f6+ Bxf6 37. Qf5 $16 (37. Qh7+ Kf8 $16)) (34... Qd4 35. Qxd4 (35. fxg6 Qxe4+ 36. Bxe4 fxg6 $16) 35... Bxd4) 35. fxg6 Re7 (35... Qd4 $142 36. Qf5 Qg4 37. Qxg4 hxg4) 36. Qf3 {[%emt 0:02:11] [#] Rxe7 would kill now.} fxg6 37. Rxe7+ Bxe7 {[%emt 0:00:01] KQB-KQB} 38. Qe4 Kf8 39. Qxg6 (39. Qe6 $142 Qc7 40. Bxg6 Bxh4 41. gxh4 c2 42. Qf5+ Kg8 43. Qxc2 Qd7 44. Bxh5) 39... Qxd5+ 40. Qe4 Qa2+ 41. Kh3 d5 {[%emt 0:09:52] Against Bc4} 42. Qf5+ Kg7 43. Qh7+ Kf6 44. Qh8+ (44. Qh6+ $142 Ke5 45. Qf4+ Ke6 46. Bf5+ Kf7 47. Bb1+ Bf6 48. Bxa2 Ke6 49. a7) 44... Ke6 45. Qxc3 {[%emt 0:00:00] [#] Hoping for Qe1+.} Bc5 46. Qe1+ Kd6 47. Bf5 Bd4 48. Qe6+ (48. Qb4+ $142 Bc5 49. Qf4+ Ke7 50. Qe5+ Kf8 51. Be6 Qf2 52. Bxd5 Qf1+ 53. Bg2) 48... Kc5 49. Qc6+ Kb4 50. Qc2 Qa5 51. Qd2+ Bc3 52. Qxd5 {[%emt 0:00:00] Threatening mate with Be6.} Qa1 53. Bd3 {[%emt 0:03:11] White wants to mate with Qc4+.} Bg7 54. Qc4+ Ka3 55. Be4 Kb2 {[%emt 0:01:03] Weighted Error Value: White=0.07 (flawless) /Black=0.88} 1-0

[Event "Frauenbundesliga 2021-22"]
[Site "Germany"]
[Date "2022.05.26"]
[Round "3.15"]
[White "Schleining, Zoya"]
[Black "Duessler, Stefanie"]
[Result "1-0"]
[ECO "B38"]
[WhiteElo "2329"]
[BlackElo "2110"]
[Annotator "TA"]
[PlyCount "81"]
[EventDate "2021.11.26"]
[EventType "team-tourn"]
[EventCountry "GER"]
[SourceTitle "playchess.com"]
[Source "ChessBase"]
[SourceQuality "1"]
[WhiteTeam "Deizisau"]
[BlackTeam "Lehrte"]
[TimeControl "40/5400+30:1800+30"]

1. Nf3 c5 2. c4 Nc6 3. d4 cxd4 4. Nxd4 g6 5. e4 Bg7 6. Be3 Nf6 7. Nc3 d6 8. Be2 O-O 9. O-O Bd7 10. Nc2 Rc8 11. Qd2 {[%emt 0:03:39] B38: Sicilian: Maroczy Bind with 5...Bg7 and 7...0-0.} Ne5 12. b3 Bc6 {[%emt 0:00:36] [#]} (12... b5 $11) 13. f3 $1 $16 {[%emt 0:01:27] White is better.} a6 14. Rac1 Qc7 15. Rfd1 {[%emt 0:02:12] [#]} Ned7 $146 ({Predecessor:} 15... Rfd8 16. Nb4 e6 17. Ncd5 Bxd5 18. cxd5 Qb8 19. dxe6 fxe6 20. Rxc8 Qxc8 21. Bb6 Rd7 {1-0 (35) Micek,J (2081)-Jusko,P Slovakia 2010}) 16. Bf1 b6 17. Nb4 Nc5 18. Ncd5 Qb7 19. Bg5 Bxd5 20. cxd5 (20. Nxd5 Nxd5 21. cxd5 b5 $14) 20... Rfe8 21. Be3 Nfd7 22. Nc6 {[%emt 0:07:17] Black must now prevent b4.} Ne5 23. Qc2 (23. b4 $142 Na4 24. b5) 23... Nxc6 (23... b5 $16) 24. dxc6 $18 Qa7 25. b4 Ne6 26. Qf2 (26. f4 $18 {and White stays clearly on top.}) 26... Qa8 $16 27. Qc2 {[%emt 0:05:46] White is more active.} ({Reject} 27. Bxb6 Rxc6 28. Be3 Rec8 $11) ({Better is} 27. b5 $16) 27... b5 (27... Qa7 $1 $11) 28. a4 Qb8 (28... Rc7 $16 {was called for.}) 29. axb5 $18 axb5 30. Qe2 Rc7 (30... Nc7 $142 31. g3 Qa8) 31. Rd5 ({Don't play} 31. Qxb5 $6 Qxb5 32. Bxb5 Rb8) 31... Qa8 32. Qxb5 {[%emt 0:01:12] And now Qa6 would win.} Rec8 $2 (32... Rb8 33. Qa5 Qxa5 34. bxa5 (34. Rxa5 Bd4 $16) 34... Nc5) 33. Qa6 Bb2 34. Qxa8 {[%emt 0:01:24] White is clearly winning.} Rxa8 35. Rc2 Be5 (35... Ba3 $142 36. b5 Bc5 37. Bxc5 Nxc5) 36. b5 Nf4 {[%emt 0:00:56] [#]} 37. Rxe5 $1 dxe5 38. Bxf4 exf4 39. b6 Rac8 40. bxc7 Rxc7 41. Bb5 {[%emt 0:30:35] Weighted Error Value: White=0.19 (very precise) /Black=0.49} 1-0

[Event "Frauenbundesliga 2021-22"]
[Site "Germany"]
[Date "2022.05.26"]
[Round "3.16"]
[White "Zschischang, Marine"]
[Black "Rapport, Jovana"]
[Result "1/2-1/2"]
[ECO "D00"]
[WhiteElo "2076"]
[BlackElo "2294"]
[Annotator "TA"]
[PlyCount "37"]
[EventDate "2021.11.26"]
[EventType "team-tourn"]
[EventCountry "GER"]
[SourceTitle "playchess.com"]
[Source "ChessBase"]
[SourceQuality "1"]
[WhiteTeam "Lehrte"]
[BlackTeam "Deizisau"]
[TimeControl "40/5400+30:1800+30"]

1. d4 Nf6 2. Nf3 g6 3. Nc3 d5 4. Bf4 Bg7 5. e3 O-O 6. Be2 c5 7. Ne5 {[%emt 0:00:08] 7.dxc5 is more fashionable.} Nc6 8. h4 {[%emt 0:00:12] D00: 1 d4 d5: Unusual lines.} (8. O-O $11) 8... cxd4 9. exd4 (9. Nxc6 bxc6 10. exd4) 9... Qb6 10. Nxc6 {[%emt 0:00:50] The position is equal.} bxc6 11. Na4 Qa5+ 12. c3 Ne4 13. f3 Nd6 {[%emt 0:00:41] [#]} (13... Nf6 $5 ) 14. h5 $146 ({Predecessor:} 14. b4 Qd8 15. Nc5 f6 16. Be3 e5 17. Nb3 Re8 18. Bf2 Be6 19. O-O Bh6 20. Re1 {½-½ (42) Wiendieck,J (1864)-Mueller,M (2083) Bayern 2012}) 14... Re8 15. hxg6 hxg6 16. g4 (16. b3 $1 $14) 16... Nc4 17. b4 {[%emt 0:07:32] White is slightly better.} Qd8 18. Bxc4 dxc4 19. Kf2 {[%emt 0:00:46] Weighted Error Value: White=0.12 (very precise) /Black=0.14 (very precise)} 1/2-1/2

[Event "Frauenbundesliga 2021-22"]
[Site "Germany"]
[Date "2022.05.26"]
[Round "3.17"]
[White "Koepke, Elena"]
[Black "Braje, Monika"]
[Result "1-0"]
[ECO "B01"]
[WhiteElo "2285"]
[BlackElo "1773"]
[Annotator "TA"]
[PlyCount "51"]
[EventDate "2021.11.26"]
[EventType "team-tourn"]
[EventCountry "GER"]
[SourceTitle "playchess.com"]
[Source "ChessBase"]
[SourceQuality "1"]
[WhiteTeam "Deizisau"]
[BlackTeam "Lehrte"]
[TimeControl "40/5400+30:1800+30"]

1. e4 d5 2. exd5 Nf6 3. d4 Nxd5 4. c4 Nb6 5. Nf3 e6 6. Be3 {[%emt 0:02:58] B01: Scandinavian Defence.} Be7 7. Nc3 O-O {[%emt 0:00:30][%cal Oc7c5] [#]} 8. Qc2 $146 {[%emt 0:08:16] White is better.} ({Predecessor:} 8. Bd3 N8d7 9. Qc2 Nf6 10. O-O c6 11. Rad1 Qc7 12. Ne5 Nbd7 13. f4 c5 14. Nb5 {1-0 (39) Banki H,I (2082)-Fabian Nagy,S (1956) Hungary 2019}) 8... Bf6 9. Ne4 {[%emt 0:06:37] White is more active.} ({Don't do} 9. Bd3 g6 $16) 9... Nc6 {[%emt 0:03:20][%cal Rf6d4] [#]} 10. Rd1 g6 (10... Be7 $16) 11. Nxf6+ Qxf6 12. Be2 Re8 13. O-O e5 14. dxe5 Nxe5 15. Nxe5 Qxe5 16. Bf3 {[%emt 0:03:18] Black must now prevent c5.} c6 (16... Bf5 $142 17. Qe2 Be4) 17. Bd4 Qa5 {[%emt 0:03:40] This move loses the game for Black.} (17... Qf4 $16 18. b3 Bf5) 18. Qc1 $18 {[%emt 0:04:52] White wants to mate with Qh6.} Nd7 19. Bc3 ({Not} 19. Qh6 f6 $16) 19... Qf5 (19... Qc5 {was called for.} 20. Rde1 (20. Qh6 f6 $16) 20... Rxe1 21. Rxe1 Qf8) 20. Rfe1 ({Weaker is} 20. Qh6 f6 21. Qh4 Qg5 22. Qxg5 fxg5 $16) 20... Rf8 21. Bb4 {[%emt 0:01:58] This bishop pair is nice.} (21. Qh6 $142 Nf6 {[#]} 22. Re4 $3 ) 21... c5 (21... Nc5 $142 22. Qe3 b6 23. Bxc6 Bb7) 22. Rd5 Qf6 23. Bc3 Qh4 24. g3 Qd8 25. Qh6 f6 26. Rd6 {[%emt 0:00:44] Weighted Error Value: White=0.46/Black=0.92} 1-0

[Event "Frauenbundesliga 2021-22"]
[Site "Germany"]
[Date "2022.05.26"]
[Round "3.18"]
[White "Grabowski, Petra"]
[Black "Jelica, Mara"]
[Result "1/2-1/2"]
[ECO "D00"]
[WhiteElo "1635"]
[BlackElo "2121"]
[Annotator "TA"]
[PlyCount "132"]
[EventDate "2021.11.26"]
[EventType "team-tourn"]
[EventCountry "GER"]
[SourceTitle "playchess.com"]
[Source "ChessBase"]
[SourceQuality "1"]
[WhiteTeam "Lehrte"]
[BlackTeam "Deizisau"]
[TimeControl "40/5400+30:1800+30"]

1. d4 Nf6 2. Nf3 g6 3. Nc3 d5 4. Bf4 Bg7 5. e3 Nh5 6. Be5 {[%emt 0:03:53] D00: 1 d4 d5: Unusual lines.} f6 7. Bg3 Nxg3 8. hxg3 Be6 {[%emt 0:05:19] [#]} 9. Be2 $146 (9. e4 $14) ({Predecessor:} 9. Qe2 Qd7 10. e4 Nc6 11. O-O-O f5 12. exd5 Bxd5 13. Nxd5 Qxd5 14. c4 Qa5 15. a3 {½-½ (53) Sambuev,B (2530)-Calugar,A (2282) Montreal 2013}) 9... Bf7 10. e4 dxe4 11. Nxe4 c6 12. c3 Nd7 13. Bd3 Qc7 14. Qe2 h6 (14... O-O-O) 15. Bc4 e6 16. Nc5 Nxc5 17. dxc5 Qe7 18. Nd4 (18. O-O-O $14) 18... O-O 19. O-O ({Reject} 19. Nxe6 Rfe8 20. O-O Bxe6 $15) 19... e5 20. Bxf7+ Qxf7 21. Nf3 Rad8 22. Rfd1 Rd5 23. Rxd5 Qxd5 24. Qc2 (24. Nh4 $14) 24... Kh7 25. Qb3 Qxb3 (25... f5 $11) 26. axb3 $11 {[%emt 0:00:01][%mdl 4096] Endgame KRB-KRN} a6 27. Rd1 {[%emt 0:00:41] Prevents Rd8.} ({White should try} 27. Nd2 $14) 27... Rf7 (27... e4 $11 28. Ne1 Rf7) 28. b4 {[%emt 0:01:33] White is more active.} (28. Rd8 $16) 28... f5 29. Ne1 Bf6 30. Nc2 Kg7 31. Ne3 e4 32. Nc4 Kf8 (32... h5 $11) 33. Kf1 $16 Rc7 34. Ke2 h5 {[%emt 0:04:35] [#]} 35. Rd6 (35. f3 $1 $16) 35... Kg7 $11 36. Rd1 Be7 (36... Kf8 $11) 37. Ne5 ({Better is} 37. f3 $14) 37... Kf6 38. Nc4 Ke6 (38... Kg7 $11 {was preferrable.}) 39. Nb6 (39. f3 $14) 39... a5 40. Nc4 axb4 41. cxb4 Bf6 42. Rd6+ Kf7 43. Rd2 Ke7 44. Nb6 {[%emt 0:00:35] Against Rd7} Kf7 45. Nc4 Re7 46. Rd6 g5 47. Rd2 f4 48. gxf4 gxf4 49. Nd6+ Kg6 50. b5 e3 51. Rc2 $2 {[%emt 0:00:00][%mdl 8192] [#]} (51. fxe3 $11 Rxe3+ 52. Kf1) 51... exf2+ $1 $19 52. Kxf2 Re3 (52... Bh4+ $19 53. g3 (53. Kf3 $2 {leads to mate.} Re3+ 54. Kxf4 Bg5#) 53... Bxg3+ 54. Kg2 h4 55. bxc6 bxc6) 53. Re2 {[%emt 0:00:00] The position is equal.} Rxe2+ 54. Kxe2 cxb5 (54... Bxb2 $2 55. b6 $18) 55. Nxb7 {[%emt 0:00:00] Nd6 is the strong threat.} Bxb2 $11 {[%emt 0:01:46] White must now prevent ...Be5. KB-KN} 56. Nd6 {[%emt 0:00:00] aiming for c6.} Ba3 57. Nxb5 Bxc5 58. Nc3 $1 Bd4 59. Nd5 Kf5 60. Kf3 Be5 61. Nxf4 $1 Bxf4 {[%emt 0:00:02] KB-KP} 62. g3 Bd2 63. Kg2 Kg4 64. Kh1 Kh3 65. Kg1 Be1 66. Kh1 Bf2 {[%emt 0:00:21] Weighted Error Value: White=0.31/Black=0.24 (precise)} 1/2-1/2